 Dungeon Crawl Stone Soup version 0.21.0-24-g2553a33 (webtiles) character file.

565647 Miyamura the Merry Centaur (level 25, 0/228 HPs)
             Began as a Centaur Hunter on Jan 19, 2018.
             Was the Champion of Okawaru.
             Slain by a tentacled monstrosity (6 damage)
             ... on level 2 of the Realm of Zot on Jan 20, 2018.
             The game lasted 03:23:05 (71065 turns).

Miyamura the Merry Centaur (Centaur Hunter)        Turns: 71065, Time: 03:23:06

Health: 0/228      AC: 44    Str: 21    XL:     25   Next: 48%
Magic:  38/38      EV: 12    Int: 10    God:    Okawaru [******]
Gold:   2985       SH:  0    Dex: 19    Spells: 16/46 levels left

rFire    + + +     SeeInvis .   J - +7 great mace "Undeadhunter" {disrupt, rN+}
rCold    + + .     Gourm    .   (shield currently unavailable)
rNeg     + + .     Faith    .   S - +8 fire dragon scales
rPois    .         Spirit   .   R - +2 hat {MR+}
rElec    .         Reflect  .   y - scarf {rC+ rF+}
rCorr    .         Harm     .   C - +2 pair of gloves {archery}
MR       ++...                  c - +4 centaur barding {rC+}
Stlth    ..........             M - amulet of regeneration
HPRegen  1.28/turn              q - +6 ring of protection
MPRegen  0.26/turn              Z - ring of Juja {rN+ AC+2 Str+5}

@: berserk cooldown, slowed, constricted
A: large, hooves 3, cold resistance 1, deformed body, speed 2, regeneration 1,
tough skin 3, weak 1
}: 3/15 runes: decaying, silver, gossamer
a: Heroism, Finesse, Renounce Religion


You were on level 2 of the Realm of Zot.
You worshipped Okawaru.
Okawaru was exalted by your worship.
You were not hungry.

You visited 9 branches of the dungeon, and saw 47 of its levels.
You visited the Abyss 2 times.
You also visited: Labyrinth, Ossuary, Bailey and Ice Cave.

You collected 6475 gold pieces.
You spent 3490 gold pieces at shops.

Inventory:

Hand Weapons
 j - the +11 shortbow "Lull" {venom, rElec rPois rF- Str+8}
   (Okawaru gifted it to you on level 3 of the Elven Halls)

   It poisons the ammo it fires.
   It affects your strength (+8).
   It makes you vulnerable to fire.
   It insulates you from electricity.
   It protects you from poison.
 t - the +11 longbow of the Morning {freeze, rPois}
   (You acquired it on level 14 of the Dungeon)

   It causes projectiles fired from it to freeze those they strike, causing
   extra injury to most foes and up to half again as much damage against
   particularly susceptible opponents.
   They can also slow down cold-blooded creatures.
   It protects you from poison.
 J - the +7 great mace "Undeadhunter" (weapon) {disrupt, rN+}
   (You took it off a deep elf high priest on level 3 of the Elven Halls)

   It protects you from negative energy.
Missiles
 d - 451 arrows
 F - 5 throwing nets (quivered)
Armour
 c - a +4 centaur barding of cold resistance (worn)
 y - a scarf of resistance (worn)
 C - a +2 pair of gloves of archery (worn)
 I - a +2 centaur barding of fire resistance
 R - a +2 hat of magic resistance (worn)
 S - +8 fire dragon scales (worn)
Jewellery
 h - an uncursed ring of resist corrosion
 m - the ring of Muycihie {*Slow rN+ Str+6 Int+4 Stlth+}
   (You found it on level 2 of the Depths)

   [ring of stealth]

   It affects your strength (+6).
   It affects your intelligence (+4).
   It protects you from negative energy.
   It may slow you when you take damage.
   It makes you more stealthy.
 o - an uncursed ring of poison resistance
 q - a +6 ring of protection (left hand)
 x - the ring "Wyshricao" {MR+ AC+5 Dex+4}
   (You found it on level 5 of the Vaults)

   [ring of protection]

   It affects your AC (+5).
   It affects your dexterity (+4).
   It affects your resistance to hostile enchantments.
 B - the amulet of the Air {Inacc +Fly rElec EV+5 RMsl}
   (You found it on level 5 of the Depths)

   [amulet of inaccuracy]

   It reduces the accuracy of all your attacks.
   It affects your evasion (+5).
   It insulates you from electricity.
   It lets you fly.
   It protects you from missiles.
 M - an amulet of regeneration (around neck)
 O - an uncursed ring of protection from fire
 Z - the ring of Juja (right hand) {rN+ AC+2 Str+5}
   (You found it on level 14 of the Dungeon)

   [ring of protection]

   It affects your AC (+2).
   It affects your strength (+5).
   It protects you from negative energy.
Wands
 z - a wand of scattershot (8)
 G - a wand of iceblast (42)
 Y - a wand of acid (5)
Scrolls
 a - 3 scrolls of immolation
 b - 18 scrolls of remove curse
 e - 9 scrolls of fog
 i - a scroll of blinking
 l - 2 scrolls of summoning
 n - a scroll of brand weapon
 r - 7 scrolls of magic mapping
 s - 5 scrolls of holy word
 v - 7 scrolls of teleportation
 A - 3 scrolls of fear
 N - 14 scrolls of amnesia
 W - 4 scrolls of identify
Potions
 g - 10 potions of haste
 p - 17 potions of curing
 u - 10 potions of flight
 w - 5 potions of might
 E - 10 potions of ambrosia
 H - 3 potions of invisibility
 K - 6 potions of mutation
 P - 2 potions of resistance
 Q - 10 potions of heal wounds
 T - 5 potions of magic
 U - 8 potions of brilliance
 V - 6 potions of lignification
 X - 5 potions of agility
Miscellaneous
 k - a phantom mirror
Comestibles
 f - 58 rations


   Skills:
 - Level 19.5 Fighting
 O Level 27 Bows
 - Level 4.6 Throwing
 - Level 14.2 Armour
 - Level 14.3 Dodging
 - Level 0.4 Stealth
 + Level 11.1 Spellcasting
 - Level 4.4 Hexes
 * Level 12.0 Charms
 - Level 12.4 Translocations
 * Level 12.1 Air Magic
 - Level 4.7 Invocations


You had 16 spell levels left.
You knew the following spells:

 Your Spells              Type           Power        Failure   Level  Hunger
b - Blink                 Tloc           N/A          1%          2    None
d - Disjunction           Tloc           ####......   100%        8    #######
p - Portal Projectile     Hex/Tloc       ###...       2%          3    ##.....
r - Regeneration          Chrm/Necr      ###.......   8%          3    ##.....
s - Statue Form           Tmut/Erth      #........    100%        6    #######
D - Deflect Missiles      Chrm/Air       ####......   30%         6    #######
S - Swiftness             Chrm/Air       ####....     1%          2    None


Dungeon Overview and Level Annotations

Branches:
Dungeon (15/15)            Temple (0/1) D:5            Lair (6/6) D:11
  Swamp (4/4) Lair:3       Spider (4/4) Lair:4        Slime (0/5) Lair:6
    Orc (2/2) D:12            Elf (3/3) Orc:2        Vaults (5/5) D:14
  Crypt (0/3) Vaults:2     Depths (5/5) D:15            Zot (3/5) Depths:5

Altars:
Ashenzari
Dithmenos
Elyvilon
Gozag
Hepliaklqana
Makhleb
Nemelex Xobeh
Okawaru
Qazlal
Uskayaw
Vehumet
Wu Jian
The Shining One
Beogh

Shops:
D:5 }   D:11 [   D:13 *   D:14 *   Orc:2 [:*   Vaults:3 %?!   Vaults:5 *
Depths:1 *%   Depths:4 =

Portals:
Hell: Depths:1 Depths:2 Depths:3 Depths:4 Depths:5
Abyss: Depths:3 Depths:4 Depths:5
Pandemonium: Depths:2 Depths:3 Depths:5
Ziggurat: Depths:1
Trove: Depths:3 (give 21 scrolls of identify)

Annotations:
Depths:3 exclusion: orange crystal statue


Innate Abilities, Weirdness & Mutations

You have hooves in place of feet.
Armour fits poorly on your strangely shaped body.
You cover ground very quickly.
You have extremely tough skin. (AC +3)
Your flesh is cold resistant. (rC+)
Your natural rate of healing is unusually fast.
You are weak. (Str -2)


Message History

The tentacled monstrosity constricts you.
The tentacled monstrosity tentacle-slaps you but does no damage. x2
The tentacled monstrosity misses you.
The tentacled monstrosity's grasp on you weakens, but your attempt to escape fails.
The tentacled monstrosity tentacle-slaps you!
The tentacled monstrosity tentacle-slaps you but does no damage. x2
The tentacled monstrosity barely misses you.
The tentacled monstrosity closely misses you.
The tentacled monstrosity barely misses you.
The storm dragon bites you. The storm dragon claws you!
The storm dragon tramples you.
You hold your ground!
You are too berserk!
You escape the tentacled monstrosity's grasp.
You feel a strong urge to attack something.
You are no longer berserk.
You are exhausted.
You feel yourself slow down.
The tentacled monstrosity tentacle-slaps you but does no damage. x3
The tentacled monstrosity grabs you.
You die...

#.........#....# #.#
####....##....## #.#
########...#.....# #.#
.....####........### #.#
......####...(.....## #.#
..>....##.).........# #.#
###.....#<..........# #.#
###.........#[......# #.#
..#.......####.X@#### #####
#.#
..#........#...X>X#####...#
#.#
..#####........DXX........#
#.# ###
#.........y.........####.#
#
#................##...##.#
#
#................##...##.#
#
#.>.............###...##.#
##
#....#..........###...##.##
.##
#.#####................)...


You could see 5 tentacled monstrosities, a storm dragon (berserk) and a moth of
wrath.

Vanquished Creatures
  A juggernaut (Depths:4)
  Saint Roka (Orc:2)
  A caustic shrike (Depths:3)
  2 curse toes
  Xtahua (Vaults:4)
  5 golden dragons
  Nikola (Depths:2)
  Rupert (Spider:1)
  11 tentacled monstrosities
  5 deep elf blademasters
  2 titans
  5 liches
  3 death cobs
  3 quicksilver dragons
  2 deep elf master archers (Elf:3)
  Asterion (Elf:2)
  4 sphinxes
  3 tentacled starspawn
  8 tengu reavers
  2 storm dragons (Zot:2)
  Agnes (Spider:2)
  2 shadow dragons
  Donald (Spider:1)
  Roxanne (Spider:3)
  8 draconian monks
  6 deep elf sorcerers
  An orc warlord (Orc:2)
  9 fire giants
  8 ghost moths
  A draconian knight (Depths:5)
  2 draconian scorchers (Zot:2)
  7 frost giants
  13 vault wardens
  2 draconian shifters
  10 emperor scorpions
  9 ironheart preservers
  A curse skull (Vaults:2)
  11 deep elf elementalists
  4 draconian annihilators
  An angel (Depths:1)
  13 stone giants
  38 very ugly things
  6 purple draconians
  4 red draconians
  6 entropy weavers
  11 deep elf annihilators
  2 vampire knights
  10 green draconians
  3 deep elf demonologists
  3 white draconians
  15 black draconians
  2 spark wasps (Depths:4)
  4 yellow draconians
  A lorocyproca (Abyss:2)
  9 deep elf death magi
  8 ettins
  A minotaur (Lab)
  A minotaur (shapeshifter) (Vaults:4)
  Josephine (Swamp:1)
  A crystal guardian (Vaults:2)
  12 fire dragons
  13 yaktaur captains
  8 ice dragons
  11 deep elf high priests
  A jiangshi (Vaults:2)
  6 great orbs of eyes
  27 vault guards
  7 rakshasas
  Fannar (D:12)
  A catoblepas (Lair:6)
  19 hydras
  4 spriggan air magi
  An anaconda (shapeshifter) (Depths:2)
  8 centaur warriors
  Erica (D:12)
  29 dancing weapons
  The ghost of Gorglomux the Spear-Bearer, a novice DgWn (D:9)
  6 death knights
  5 alligators
  45 two-headed ogres
  10 deep troll earth magi
  6 deep troll shamans
  17 ogre magi
  4 orc high priests
  2 thrashing horrors (Abyss:2)
  7 tengu warriors
  A vampire mage (Depths:3)
  Urug (Orc:2)
  6 large abominations
  2 fire crabs (shapeshifter)
  22 deep elf knights
  2 shadow wraiths
  A skeletal warrior (Vaults:1)
  A wretched star (Abyss:2)
  28 deep trolls
  3 spatial maelstroms
  2 fire crabs (Swamp:4)
  An iron troll (Depths:4)
  6 hell knights
  An unseen horror (shapeshifter) (Vaults:2)
  9 unseen horrors
  3 death drakes (Depths:5)
  11 deep elf archers
  4 glowing orange brains
  5 phantasmal warriors
  4 starcursed masses
  A shambling mangrove (Swamp:3)
  3 harpies (Vaults:4)
  9 swamp dragons
  14 orc knights
  A harpy (shapeshifter) (Vaults:1)
  5 wizards
  Pikel (D:4)
  62 deep elf magi
  6 necromancers
  5 lindwurms
  21 ironbrand convokers
  An orb spider (shapeshifter) (Depths:1)
  A wolf spider (shapeshifter) (Depths:3)
  50 ugly things
  16 orb spiders
  A wolf spider zombie (D:15)
  8 orc sorcerers
  A shining eye (Abyss:3)
  40 wolf spiders
  63 slime creatures
  2 manticores (D:14)
  11 elephants
  17 moths of wrath
  11 cyclopes
  A frost giant skeleton (Vaults:4)
  3 black mambas
  A black mamba (shapeshifter) (Vaults:4)
  A salamander (shapeshifter) (Elf:1)
  3 ice statues (IceCv)
  17 vault sentinels
  A naga mage (D:15)
  2 gargoyles
  2 spiny frogs (shapeshifter) (Depths:3)
  17 spiny frogs
  3 torpor snails
  2 hellions (Abyss:2)
  A rime drake (shapeshifter) (D:14)
  11 demonic crawlers
  8 komodo dragons
  A human zombie (Vaults:4)
  3 kobold demonologists
  7 ice devils
  58 yaktaurs
  3 efreet
  2 komodo dragons (shapeshifter)
  A tormentor (Abyss:2)
  5 ancient zymes
  5 freezing wraiths
  30 jumping spiders
  3 tengu conjurers
  2 hellwings (Abyss:2)
  2 meliai (shapeshifter)
  2 wind drakes (shapeshifter) (Vaults:4)
  A queen bee (shapeshifter) (Vaults:1)
  A minotaur skeleton (Lab)
  A merfolk (shapeshifter) (Vaults:4)
  15 hornets
  8 trolls
  A shadow dragon simulacrum (Vaults:4)
  5 raiju (Abyss:3)
  10 tyrant leeches
  A wind drake (Depths:5)
  Grinder (D:4)
  40 blink frogs
  3 bog bodies
  10 hippogriffs
  A dream sheep (Lair:5)
  A dream sheep (shapeshifter) (Depths:3)
  An ettin zombie (Vaults:4)
  A meliai zombie (D:13)
  A stone giant simulacrum (Vaults:2)
  A frost giant simulacrum (Vaults:1)
  5 flying skulls (Abyss:3)
  8 wraiths
  A tarantella (shapeshifter) (D:15)
  12 air elementals
  Sigmund (D:2)
  6 spriggans
  63 redbacks
  2 shadows
  30 tarantellas
  3 vampires
  4 wyverns
  8 small abominations
  A ynoxinul (Abyss:2)
  2 fire bats (Swamp:4)
  2 steam dragons (Swamp:4)
  A water elemental (Elf:1)
  A redback (shapeshifter) (Depths:4)
  2 fire elementals
  4 neqoxecs
  46 yaks
  A yak (shapeshifter) (Vaults:3)
  A hog (shapeshifter) (Depths:3)
  9 basilisks
  A yaktaur simulacrum (Vaults:4)
  29 vampire mosquitoes
  11 hungry ghosts
  A chaos spawn (Abyss:3)
  19 swamp worms
  4 insubstantial wisps (Swamp:3)
  A soldier ant (shapeshifter) (Vaults:4)
  6 wargs
  3 acid dragons
  7 spatial vortices
  A two-headed ogre zombie (D:12)
  Duvessa (D:7)
  A warg (shapeshifter) (Vaults:1)
  A soldier ant (D:13)
  11 water moccasins
  A swamp drake (shapeshifter) (Vaults:5)
  A floating eye (shapeshifter) (Vaults:4)
  8 porcupines
  52 orc warriors
  14 swamp drakes
  2 black bears
  2 ice beasts
  4 sky beasts
  A phantom (D:5)
  2 slaves
  2 black bears (shapeshifter)
  An eye of draining (D:12)
  28 ogres
  3 necrophages
  12 wolves
  19 boggarts
  A tengu (shapeshifter) (Depths:1)
  14 centaurs
  16 crocodiles
  A swamp dragon skeleton (Abyss:2)
  7 big kobolds
  28 bullfrogs
  3 wyvern zombies
  An earth elemental (Elf:3)
  A wyvern skeleton (D:14)
  Dowan (D:7)
  15 scorpions
  A manticore simulacrum (Abyss:2)
  A troll zombie (D:12)
  20 wights
  22 killer bees
  5 electric eels
  3 howler monkeys (D:13)
  6 crimson imps
  5 quasits
  5 draconian simulacra (IceCv)
  7 centaur zombies
  A human simulacrum (Vaults:1)
  4 jellies
  An iron imp (Abyss:2)
  11 hounds
  26 orc wizards
  A bullfrog skeleton (D:5)
  3 centaur skeletons
  A gnoll shaman (D:5)
  21 orc priests
  7 iguanas
  16 worker ants
  Natasha (thrice) (D:4)
  2 troll simulacra (IceCv)
  6 ogre zombies (D:12)
  5 big kobold zombies (Ossuary)
  A hound zombie (D:5)
  3 hound skeletons
  4 mummies (Ossuary)
  2 worker ant zombies
  Robin (D:2)
  20 gnolls
  A howler monkey skeleton (D:8)
  A naga simulacrum (IceCv)
  11 adders
  2 ogre simulacra (IceCv)
  5 shadow imps
  A white imp (Depths:2)
  An ooze (D:3)
  2 adder zombies (D:8)
  2 adder skeletons
  A worm (D:2)
  A dart slug (shapeshifter) (Vaults:4)
  2 dart slugs
  5 leopard geckos
  92 orcs
  11 bats
  3 giant cockroaches
  25 goblins
  19 hobgoblins
  23 jackals
  32 kobolds
  5 quokkas
  4 ball pythons
  4 frilled lizards
  2 goblin skeletons (D:12)
  3 goblin zombies (D:12)
  5 hobgoblin zombies
  2 orc skeletons (D:12)
  15 orc zombies (D:12)
  11 rats
  2 crawling corpses (Elf:3)
  4 starspawn tentacles
2375 creatures vanquished.

Vanquished Creatures (others)
  Jorgrun (Elf:2)
  A deep troll shaman (Depths:3)
  A wizard (Elf:1)
  A wolf spider (Vaults:5)
  2 deep elf magi (Elf:1)
  A yaktaur (Depths:2)
  A jumping spider (Spider:4)
  A yak (Lair:6)
  A fire elemental (Elf:1)
  A vampire mosquito (Swamp:4)
  2 steam dragons (Swamp:4)
  3 swamp drakes (Swamp:4)
  An orc wizard (D:8)
  6 bushes
  26 fungi
  75 plants
  4 starspawn tentacles
128 creatures vanquished.

Grand Total: 2503 creatures vanquished

Notes
Turn   | Place    | Note
-------+----------+-------------------------------------------
     0 | D:1      | Miyamura the Centaur Hunter began the quest for the Orb.
     0 | D:1      | Reached XP level 1. HP: 17/17 MP: 1/1
    92 | D:1      | Reached XP level 2. HP: 9/24 MP: 2/2
   510 | D:1      | Reached XP level 3. HP: 30/30 MP: 3/3
  1197 | D:2      | Noticed Sigmund
  1445 | D:2      | Reached skill level 1 in Armour
  1889 | D:2      | Reached XP level 4. HP: 35/37 MP: 4/4
  2353 | D:2      | Reached skill level 6 in Bows
  2396 | D:2      | Noticed Robin
  2407 | D:2      | Killed Robin
  2659 | D:2      | Reached skill level 9 in Bows
  2659 | D:2      | Reached XP level 5. HP: 46/51 MP: 5/5
  2710 | D:1      | Reached skill level 11 in Bows
  2710 | D:1      | Reached skill level 5 in Armour
  2710 | D:1      | Reached skill level 5 in Dodging
  2710 | D:1      | Reached XP level 6. HP: 59/61 MP: 6/6
  2841 | D:2      | Killed Sigmund
  2841 | D:2      | Reached XP level 7. HP: 59/67 MP: 7/7
  3279 | D:3      | Found an iron altar of Okawaru.
  3279 | D:3      | Found an ornate altar of the Wu Jian Council.
  3280 | D:3      | Found a radiant altar of Vehumet.
  3301 | D:3      | Became a worshipper of Warmaster Okawaru
  3972 | D:4      | Noticed Pikel
  4149 | D:4      | Noticed Natasha
  4154 | D:4      | Killed Natasha
  4184 | D:4      | Noticed Grinder
  4201 | D:4      | Killed Grinder
  4261 | D:4      | Found a sparkling altar of Nemelex Xobeh.
  4301 | D:4      | Found a sand-covered staircase.
  4310 | Ossuary  | Entered an ossuary
  4439 | Ossuary  | Reached * piety under Okawaru
  4439 | Ossuary  | Reached skill level 1 in Invocations
  4471 | Ossuary  | Reached XP level 8. HP: 68/74 MP: 8/8
  4660 | Ossuary  | Reached skill level 1 in Throwing
  4942 | D:4      | Killed Pikel
  4942 | D:4      | Reached ** piety under Okawaru
  4993 | D:4      | Noticed Natasha
  4996 | D:4      | Killed Natasha
  5035 | D:4      | Noticed Natasha
  5044 | D:4      | Killed Natasha
  5117 | D:4      | Found a stormy altar of Qazlal.
  5425 | D:5      | Entered Level 5 of the Dungeon
  5690 | D:5      | Found Juppeuki's Gadget Shop.
  5725 | D:5      | Reached *** piety under Okawaru
  5725 | D:5      | Reached XP level 9. HP: 69/81 MP: 10/10
  6631 | D:5      | Found a staircase to the Ecumenical Temple.
  7330 | D:6      | Found an iron altar of Okawaru.
  7921 | D:6      | Found a burning altar of Makhleb.
  8480 | D:7      | Noticed Duvessa
  8480 | D:7      | Noticed Dowan
  8645 | D:7      | Found a white marble altar of Elyvilon.
  8789 | D:7      | Killed Dowan
  8789 | D:7      | Reached **** piety under Okawaru
  8891 | D:7      | Killed Duvessa
 10435 | D:8      | Reached XP level 10. HP: 90/90 MP: 12/12
 10641 | D:8      | Noticed a seven-headed hydra
 10642 | D:8      | Noticed a centaur warrior
 11518 | D:8      | Gained mutation: Your spells are a little easier to cast, but a little less powerful. [potion of mutation]
 11518 | D:8      | Gained mutation: Scrolls take you a little longer to read. [potion of mutation]
 11518 | D:8      | Gained mutation: You are covered in fur. (AC +1) [potion of mutation]
 11518 | D:8      | Gained mutation: You possess an exceptional clarity of mind. [potion of mutation]
 11519 | D:8      | Lost mutation: Your spells are a little easier to cast, but a little less powerful. [potion of mutation]
 11519 | D:8      | Lost mutation: You possess an exceptional clarity of mind. [potion of mutation]
 11519 | D:8      | Lost mutation: Scrolls take you a little longer to read. [potion of mutation]
 11519 | D:8      | Lost mutation: You are covered in fur. (AC +1) [potion of mutation]
 11519 | D:8      | Gained mutation: Your natural rate of healing is unusually fast. [potion of mutation]
 11519 | D:8      | Gained mutation: Your flesh is cold resistant. (rC+) [potion of mutation]
 11584 | D:8      | Killed an unseen horror
 11584 | D:8      | Received a gift from Okawaru
 11693 | D:8      | Found a hazy altar of Hepliaklqana.
 11715 | D:8      | Reached skill level 12 in Bows
 11774 | D:8      | Noticed a death knight
 11827 | D:8      | Noticed a deep elf mage
 11944 | D:8      | Noticed a gargoyle
 11944 | D:8      | Noticed a two-headed ogre
 12067 | D:8      | Killed a centaur warrior
 12067 | D:8      | Received a gift from Okawaru
 12743 | D:8      | Killed a deep elf mage
 12794 | D:8      | Noticed a hand axe
 12794 | D:8      | Noticed a hand axe
 12795 | D:8      | Found a hide-covered altar of Uskayaw.
 12814 | D:8      | Got a smoking buckler
 12821 | D:9      | Identified the +2 buckler "Jobysaergh" {+Fly} (You found it on level 8 of the Dungeon)
 13108 | D:9      | Received a gift from Okawaru
 13214 | D:9      | Noticed a two-headed ogre
 13259 | D:9      | Killed a two-headed ogre
 13259 | D:9      | Reached XP level 11. HP: 91/97 MP: 14/14
 13521 | D:9      | Reached ***** piety under Okawaru
 13662 | D:9      | Received a gift from Okawaru
 14017 | D:9      | Noticed Gorglomux's ghost (novice DgWn)
 14100 | D:9      | Killed Gorglomux's ghost
 14100 | D:9      | Received a gift from Okawaru
 14269 | D:9      | Reached skill level 13 in Bows
 14409 | D:10     | Entered Level 10 of the Dungeon
 14755 | D:10     | Found a flagged portal.
 14764 | Bailey   | Entered a bailey
 14921 | Bailey   | Found an iron altar of Okawaru.
 14921 | Bailey   | Noticed an orc high priest
 14921 | Bailey   | Noticed an orc sorcerer
 15016 | Bailey   | Killed an orc high priest
 15044 | Bailey   | Killed an orc sorcerer
 15717 | Bailey   | Noticed an orc knight
 15748 | Bailey   | Killed an orc knight
 15824 | Bailey   | Got a twisted morningstar
 15843 | Bailey   | Identified the cursed +3 morningstar of Kuluel {pain, +Rage Str+4 Dex-3} (You found it in a bailey)
 16058 | D:10     | Reached skill level 10 in Fighting
 16338 | D:11     | Reached skill level 14 in Bows
 16353 | D:11     | Reached XP level 12. HP: 103/106 MP: 15/15
 16394 | D:11     | Noticed a centaur warrior
 16503 | D:11     | Found Uwkutal's Antique Armour Boutique.
 16516 | D:11     | Killed a centaur warrior
 16671 | D:11     | Found a staircase to the Lair.
 16895 | D:11     | Noticed a two-headed ogre
 16904 | D:11     | Received a gift from Okawaru
 16928 | D:11     | Killed a two-headed ogre
 17296 | Lair:1   | Entered Level 1 of the Lair of Beasts
 17694 | Lair:1   | Noticed a seven-headed hydra
 17725 | Lair:1   | Killed a seven-headed hydra
 17725 | Lair:1   | Received a gift from Okawaru
 17725 | Lair:1   | Reached skill level 15 in Bows
 17830 | Lair:1   | Received a gift from Okawaru
 18744 | Lair:2   | Found a frozen archway.
 18758 | IceCv    | Entered an ice cave
 18779 | IceCv    | Reached ****** piety under Okawaru
 19037 | IceCv    | Reached XP level 13. HP: 100/117 MP: 16/16
 20245 | Lair:3   | Reached skill level 16 in Bows
 20448 | Lair:3   | Received a gift from Okawaru
 21186 | Lair:3   | Found a staircase to the Swamp.
 21401 | Lair:3   | Received a gift from Okawaru
 21715 | Lair:4   | Reached skill level 17 in Bows
 21821 | Lair:4   | Found a shadowy altar of Dithmenos.
 21905 | Lair:4   | Found a hole to the Spider Nest.
 22890 | Lair:5   | Reached XP level 14. HP: 128/129 MP: 17/17
 23594 | Lair:6   | Entered Level 6 of the Lair of Beasts
 23594 | Lair:6   | Noticed Nessos
 23598 | Lair:5   | Noticed Nessos
 23598 | Lair:5   | Nessos changed into Nessos the dream sheep
 23602 | Lair:5   | Killed Nessos the dream sheep
 23839 | Lair:6   | Received a gift from Okawaru
 24282 | Lair:6   | Reached skill level 18 in Bows
 24292 | Lair:6   | Found a staircase to the Slime Pits.
 24740 | Lair:6   | Received a gift from Okawaru
 25477 | Lair:6   | Received a gift from Okawaru
 25487 | Lair:6   | Got a scorched quarterstaff {god gift}
 25528 | Lair:6   | Identified the +7 quarterstaff of Osysiysk {holy, MR+} (Okawaru gifted it to you on level 6 of the Lair of Beasts)
 25694 | D:11     | Got a faintly glowing robe
 25705 | D:11     | Identified the cursed +0 robe "Fuorol" {Stlth+} (You found it on level 11 of the Dungeon)
 25809 | D:12     | Found a staircase to the Orcish Mines.
 27159 | Orc:1    | Entered Level 1 of the Orcish Mines
 27159 | Orc:1    | Noticed Erica
 27159 | Orc:1    | Noticed Fannar
 27263 | D:12     | Killed Erica
 27385 | D:12     | Killed Fannar
 27577 | Orc:2    | Entered Level 2 of the Orcish Mines
 27783 | Orc:2    | Received a gift from Okawaru
 27849 | Orc:2    | Found a staircase to the Elven Halls.
 27926 | Orc:2    | Found a roughly hewn altar of Beogh.
 28084 | Orc:2    | Reached skill level 19 in Bows
 28093 | Orc:2    | Noticed Saint Roka
 28797 | Orc:2    | Noticed Urug
 28832 | Orc:2    | Killed Saint Roka
 28832 | Orc:2    | Reached skill level 10 in Dodging
 28832 | Orc:2    | Reached XP level 15. HP: 118/139 MP: 11/18
 28834 | Orc:2    | Killed Urug
 28836 | Orc:2    | Received a gift from Okawaru
 28944 | Orc:2    | Found a roughly hewn altar of Beogh.
 28947 | Orc:2    | Reached skill level 10 in Armour
 29047 | Orc:2    | Found Vapnuod's General Store.
 29083 | Orc:2    | Found Gemolome's Book Boutique.
 29124 | Orc:2    | Noticed an orc warlord
 29180 | Orc:2    | Reached skill level 15 in Fighting
 29188 | Orc:2    | Killed an orc warlord
 29328 | Orc:2    | Found Arear's Antique Weapon Boutique.
 29345 | Orc:2    | Found Tamuzufi's Antique Armour Boutique.
 29515 | D:11     | Bought faintly humming swamp dragon scales for 1760 gold pieces
 29525 | D:11     | Identified the cursed +1 swamp dragon scales of the Solstice {rPois Str+3 SInv} (You bought it in a shop on level 11 of the Dungeon)
 29594 | Orc:2    | Bought a potion of lignification for 48 gold pieces
 29594 | Orc:2    | Bought a scroll of blinking for 120 gold pieces
 29632 | Orc:2    | Bought a translucent leather armour for 133 gold pieces
 29643 | Orc:2    | Identified the cursed +1 leather armour of Levity {Str+2} (You bought it in a shop on level 2 of the Orcish Mines)
 30366 | D:13     | Received a gift from Okawaru
 30381 | D:13     | Found Qiohyk's Assorted Antiques.
 30416 | D:13     | Bought a scroll labeled TETHUE ZEILAY for 31 gold pieces
 30571 | D:14     | Found a labyrinth entrance.
 30607 | Lab      | Entered a labyrinth
 32220 | Lab      | Identified Qanle's Catalogue of Gliding Beguiling
 32312 | D:14     | Received a gift from Okawaru
 32568 | D:14     | Found Vaib's General Store.
 32694 | D:14     | Bought a scroll of identify for 36 gold pieces
 32694 | D:14     | Bought a scroll of teleportation for 54 gold pieces
 32788 | D:14     | Reached skill level 20 in Bows
 33024 | D:14     | Received a gift from Okawaru
 33434 | D:14     | Got an ichor-stained longbow
 33435 | D:14     | Identified the +11 longbow of the Morning {freeze, rPois} (You acquired it on level 14 of the Dungeon)
 33575 | D:14     | Got a sparkling brass ring
 33630 | D:14     | Got a pitted granite ring
 33641 | D:14     | Identified the ring of Nobility {-Tele rElec rF+++ Str-3 Dex+3} (You took it off a centaur warrior on level 14 of the Dungeon)
 33643 | D:14     | Identified the ring of Juja {rN+ AC+2 Str+5} (You found it on level 14 of the Dungeon)
 33738 | D:14     | Found a gate to the Vaults.
 33838 | D:15     | Entered Level 15 of the Dungeon
 34026 | D:15     | Reached XP level 16. HP: 135/150 MP: 19/19
 34070 | D:15     | Found a staircase to the Depths.
 34538 | D:15     | Found a shattered altar of Ashenzari.
 34582 | D:15     | Received a gift from Okawaru
 35084 | Spider:1 | Entered Level 1 of the Spider Nest
 35100 | Spider:1 | Reached skill level 21 in Bows
 35212 | Spider:1 | Noticed Rupert
 35213 | Spider:1 | Paralysed by Rupert for 4 turns
 35223 | Spider:1 | Paralysed by Rupert for 3 turns
 35227 | Spider:1 | Killed Rupert
 35354 | Spider:1 | Noticed Donald
 35371 | Spider:1 | Killed Donald
 35376 | Spider:1 | Got an encrusted shield {Donald}
 35388 | Spider:1 | Identified the cursed +0 shield "Deckenli" {rCorr} (You took it off Donald on level 1 of the Spider Nest)
 36396 | Spider:2 | Received a gift from Okawaru
 36526 | Spider:2 | Noticed Agnes
 36534 | Spider:2 | Killed Agnes
 36619 | Spider:2 | Learned a level 2 spell: Blink
 37080 | Spider:3 | Noticed Roxanne
 37547 | Spider:3 | Reached skill level 22 in Bows
 37554 | Spider:3 | Reached XP level 17. HP: 159/159 MP: 20/20
 37695 | Spider:3 | Killed Roxanne
 37695 | Spider:3 | Received a gift from Okawaru
 37695 | Spider:3 | Reached skill level 1 in Translocations
 37704 | Spider:3 | Identified Roxanne's Reference Book on the Rocks (You took it off Roxanne on level 3 of the Spider Nest)
 37713 | Spider:3 | Learned a level 6 spell: Statue Form
 37784 | Spider:3 | Reached skill level 1 in Spellcasting
 37854 | Spider:3 | Received a gift from Okawaru
 37859 | Spider:3 | Got a crystal rapier {god gift}
 37868 | Spider:3 | Identified the +8 rapier of Devotion {pierce, rF- Str+4 Dex+5} (Okawaru gifted it to you on level 3 of the Spider Nest)
 38047 | Spider:4 | Entered Level 4 of the Spider Nest
 38532 | Spider:4 | Reached skill level 5 in Translocations
 38847 | Spider:4 | Received a gift from Okawaru
 39844 | Spider:4 | Got a gossamer rune of Zot
 40398 | Elf:1    | Entered Level 1 of the Elven Halls
 40573 | Elf:1    | Received a gift from Okawaru
 40719 | Elf:1    | Got a faintly humming hat
 40730 | Elf:1    | Identified the +0 hat "Sife" {rN+} (You acquired it on level 1 of the Elven Halls)
 41125 | Elf:1    | Reached XP level 18. HP: 162/168 MP: 24/24
 42043 | Elf:2    | Noticed Jorgrun
 42050 | Elf:2    | Killed Jorgrun
 42168 | Elf:2    | Received a gift from Okawaru
 42627 | Elf:2    | Reached skill level 23 in Bows
 42632 | Elf:2    | Found a huge runed gate.
 42632 | Elf:2    | Found a huge runed gate.
 42632 | Elf:2    | Found a huge runed gate.
 42632 | Elf:2    | Found a huge runed gate.
 42632 | Elf:2    | Found a huge runed gate.
 42888 | Elf:2    | Noticed Asterion
 42895 | Elf:2    | Killed Asterion
 43458 | Elf:3    | Entered Level 3 of the Elven Halls
 43521 | Elf:3    | Received a gift from Okawaru
 44293 | Elf:3    | Reached XP level 19. HP: 149/177 MP: 25/25
 44311 | Elf:3    | Received a gift from Okawaru
 44493 | Elf:3    | Received a gift from Okawaru
 44754 | Elf:3    | Received a gift from Okawaru
 44754 | Elf:3    | Reached skill level 24 in Bows
 44849 | Elf:3    | Received a gift from Okawaru
 44997 | Elf:3    | Got a coiled lead ring
 45087 | Elf:3    | Identified the ring "Rerobb" {rF+ rC- rN+ Int+6} (You took it off a deep elf annihilator on level 3 of the Elven Halls)
 45173 | Elf:3    | Got a brightly glowing pewter ring
 45347 | Elf:3    | Got a serpentine jade amulet
 45348 | Elf:3    | Identified the amulet "Rall" {RegenMP rElec rC- Str+2} (You found it on level 3 of the Elven Halls)
 45351 | Elf:3    | Identified the ring "Kaucef" {rN+ MR+ Stlth-} (You took it off a deep elf knight on level 3 of the Elven Halls)
 45383 | Elf:3    | Identified the Incunabulum of Dislocated Air
 45389 | Elf:3    | Learned a level 3 spell: Portal Projectile
 45395 | Elf:3    | Got a smoking ivory ring
 45399 | Elf:3    | Identified the ring "Birelyuth" {+Inv rC- Str+3 Dex+2 SInv} (You found it on level 3 of the Elven Halls)
 45442 | Elf:3    | Learned a level 3 spell: Regeneration
 45445 | Elf:3    | Learned a level 2 spell: Swiftness
 45454 | Elf:3    | Learned a level 8 spell: Disjunction
 45537 | Elf:3    | Got an ichor-stained shortbow {god gift}
 45538 | Elf:3    | Identified the +11 shortbow "Lull" {venom, rElec rPois rF- Str+8} (Okawaru gifted it to you on level 3 of the Elven Halls)
 45764 | Swamp:1  | Entered Level 1 of the Swamp
 45784 | Swamp:1  | Noticed Josephine
 45801 | Swamp:1  | Killed Josephine
 45877 | Swamp:1  | Reached skill level 1 in Hexes
 46711 | Swamp:2  | Reached skill level 5 in Spellcasting
 46904 | Swamp:2  | Found the cursed +14 obsidian axe {chop, +Fly SInv *Curse}
 47506 | Swamp:3  | Received a gift from Okawaru
 48440 | Swamp:4  | Entered Level 4 of the Swamp
 48695 | Swamp:4  | Received a gift from Okawaru
 48700 | Swamp:4  | Got a crude centaur barding {god gift}
 48713 | Swamp:4  | Identified the -7 centaur barding of the Peasants {rC+ MR+} (Okawaru gifted it to you on level 4 of the Swamp)
 48760 | Swamp:4  | Got a decaying rune of Zot
 49288 | Vaults:1 | Entered Level 1 of the Vaults
 49344 | Vaults:1 | Reached XP level 20. HP: 185/185 MP: 29/29
 49974 | Vaults:1 | Reached skill level 10 in Translocations
 51234 | Vaults:2 | Received a gift from Okawaru
 52662 | Vaults:2 | Found a staircase to the Crypt.
 52902 | Vaults:2 | Received a gift from Okawaru
 53176 | Vaults:3 | Reached XP level 21. HP: 180/193 MP: 32/32
 53294 | Vaults:3 | Reached skill level 25 in Bows
 54092 | Vaults:3 | Found Omusseuw's Distillery.
 54092 | Vaults:3 | Found Lamuif's Magic Scroll Emporium.
 54171 | Vaults:3 | Bought a potion of curing for 51 gold pieces
 54171 | Vaults:3 | Bought a potion of curing for 51 gold pieces
 54171 | Vaults:3 | Bought a potion of curing for 51 gold pieces
 54171 | Vaults:3 | Bought a potion of haste for 170 gold pieces
 54171 | Vaults:3 | Bought a potion of heal wounds for 85 gold pieces
 54171 | Vaults:3 | Bought a potion of lignification for 51 gold pieces
 54171 | Vaults:3 | Bought a potion of lignification for 51 gold pieces
 54171 | Vaults:3 | Bought a potion of agility for 68 gold pieces
 54171 | Vaults:3 | Bought a potion of flight for 51 gold pieces
 54171 | Vaults:3 | Bought a potion of might for 68 gold pieces
 54179 | Vaults:3 | Bought a scroll of teleportation for 48 gold pieces
 54179 | Vaults:3 | Bought a scroll of immolation for 56 gold pieces
 54179 | Vaults:3 | Bought a scroll of immolation for 56 gold pieces
 54179 | Vaults:3 | Bought a scroll of teleportation for 48 gold pieces
 54179 | Vaults:3 | Bought a scroll of identify for 32 gold pieces
 54179 | Vaults:3 | Bought a scroll of identify for 32 gold pieces
 54179 | Vaults:3 | Bought a scroll of teleportation for 48 gold pieces
 54179 | Vaults:3 | Bought a scroll of immolation for 56 gold pieces
 54190 | Vaults:3 | Found Seeh's Food Emporium.
 54938 | Vaults:4 | Found an opulent altar of Gozag.
 55174 | Vaults:4 | Noticed Xtahua
 55181 | Vaults:4 | Killed Xtahua
 55351 | Vaults:4 | Received a gift from Okawaru
 55783 | Vaults:5 | Entered Level 5 of the Vaults
 55809 | Vaults:4 | Reached skill level 26 in Bows
 56063 | Vaults:4 | Received a gift from Okawaru
 56306 | Vaults:5 | Noticed a golden dragon
 56324 | Vaults:5 | Noticed a golden dragon
 56325 | Vaults:5 | Cast into level 2 of the Abyss (a deep elf demonologist)
 56325 | Abyss:2  | Found a corrupted altar of Lugonu.
 56491 | Abyss:2  | Reached XP level 22. HP: 201/203 MP: 33/33
 56689 | Abyss:2  | Found a corrupted altar of Lugonu.
 56878 | Abyss:2  | Found a corrupted altar of Lugonu.
 56899 | Abyss:2  | Found a corrupted altar of Lugonu.
 57059 | Vaults:5 | Escaped the Abyss
 57164 | Vaults:4 | Killed a golden dragon
 57164 | Vaults:4 | Received a gift from Okawaru
 57380 | Vaults:4 | Cast into level 3 of the Abyss (a lich)
 57529 | Abyss:3  | Received a gift from Okawaru
 57530 | Abyss:3  | Found the +3 sling "Punk" {acid, rCorr}
 57734 | Abyss:3  | Gained mutation: You are weak. (Str -2) [a neqoxec]
 57825 | Abyss:3  | Paralysed by accursed screaming for 1 turns
 57829 | Vaults:4 | Escaped the Abyss
 58199 | Vaults:4 | Received a gift from Okawaru
 58211 | Vaults:4 | Killed a golden dragon
 58446 | Vaults:4 | Reached skill level 27 in Bows
 59042 | Vaults:5 | Found Fopsir's Assorted Antiques.
 59048 | Vaults:5 | Bought a scroll of immolation for 168 gold pieces
 59150 | Vaults:5 | Received a gift from Okawaru
 59721 | Vaults:5 | Learned a level 6 spell: Deflect Missiles
 59723 | Vaults:5 | Identified the Reference Book on the Warped Snowflakes
 59726 | Vaults:5 | Identified Sif Muna's Handbook of Harmful Slavery
 59937 | Vaults:5 | Got a translucent marble ring
 59996 | Vaults:5 | Identified the ring "Wyshricao" {MR+ AC+5 Dex+4} (You found it on level 5 of the Vaults)
 60183 | Vaults:5 | Got a silver rune of Zot
 60442 | Depths:1 | Entered Level 1 of the Depths
 60491 | Depths:1 | Received a gift from Okawaru
 60544 | Depths:1 | Found a gateway to Hell.
 60629 | Depths:1 | Received a gift from Okawaru
 60808 | Depths:1 | Reached XP level 23. HP: 213/213 MP: 35/35
 60811 | Depths:1 | Found Meuluqiu's Food Shoppe.
 60855 | Depths:1 | Found Ithupnoh's Assorted Antiques.
 60903 | Depths:1 | Received a gift from Okawaru
 61019 | Depths:1 | Found a gateway to a ziggurat.
 62096 | Depths:1 | Received a gift from Okawaru
 62391 | Depths:1 | You fall through a shaft!
 62413 | Depths:2 | Reached skill level 1 in Charms
 62413 | Depths:2 | Reached skill level 1 in Air Magic
 62562 | Depths:2 | Noticed Nikola
 62569 | Depths:2 | Killed Nikola
 62675 | Depths:2 | Received a gift from Okawaru
 62847 | Depths:2 | Got a slimy silver ring
 62910 | Depths:2 | Identified the ring of Muycihie {*Slow rN+ Str+6 Int+4 Stlth+} (You found it on level 2 of the Depths)
 63395 | Depths:2 | Reached skill level 5 in Air Magic
 63403 | Depths:2 | Reached skill level 5 in Charms
 63908 | Depths:2 | Found a one-way gate leading to the halls of Pandemonium.
 64060 | Depths:3 | Found a portal to a secret trove of treasure.
 64289 | Depths:3 | Received a gift from Okawaru
 64303 | Depths:3 | Noticed a caustic shrike
 64310 | Depths:3 | Killed a caustic shrike
 64502 | Depths:3 | Reached XP level 24. HP: 216/222 MP: 36/36
 64738 | Depths:3 | Found a one-way gate to the infinite horrors of the Abyss.
 64995 | Depths:3 | Found a stormy altar of Qazlal.
 65330 | Depths:4 | Found Sotuqosch's Jewellery Shoppe.
 65338 | Depths:4 | Bought a cursed ring of teleportation for 67 gold pieces
 65486 | Depths:4 | Received a gift from Okawaru
 65990 | Depths:4 | Noticed a juggernaut
 65999 | Depths:4 | Killed a juggernaut
 66701 | Depths:5 | Entered Level 5 of the Depths
 66743 | Depths:5 | Received a gift from Okawaru
 66743 | Depths:5 | Reached skill level 10 in Spellcasting
 66831 | Depths:5 | Received a gift from Okawaru
 66835 | Depths:5 | Got a crude shortbow {god gift}
 66836 | Depths:5 | Identified the +9 shortbow "Poukles" {freeze, Stlth+} (Okawaru gifted it to you on level 5 of the Depths)
 67018 | Depths:5 | Found a glowing golden altar of the Shining One.
 67491 | Depths:5 | Found the amulet of the Air {Inacc +Fly rElec EV+5 RMsl}
 67605 | Depths:5 | Found a gate to the Realm of Zot.
 67713 | Depths:5 | Received a gift from Okawaru
 67749 | Depths:5 | Reached skill level 10 in Air Magic
 67754 | Depths:5 | Reached skill level 10 in Charms
 67895 | Zot:1    | Entered Level 1 of the Realm of Zot
 68060 | Zot:1    | Received a gift from Okawaru
 68494 | Zot:1    | Received a gift from Okawaru
 68508 | Zot:1    | Reached XP level 25. HP: 190/228 MP: 37/37
 68666 | Zot:1    | Received a gift from Okawaru
 69305 | Zot:1    | Received a gift from Okawaru
 70209 | Zot:2    | Received a gift from Okawaru
 70901 | Zot:3    | Received a gift from Okawaru
 71050 | Zot:3    | Noticed an orb of fire
 71064 | Zot:2    | HP: 9/342 [storm dragon (15)]
 71065 | Zot:2    | Slain by a tentacled monstrosity

Skill      XL: |  1  2  3  4  5  6  7  8  9 10 11 12 13 14 15 16 17 18 19 20 21 22 23 24 25 |
---------------+----------------------------------------------------------------------------+-----
Armour         | 1 4 5 6 7 8 9 10 11 12 13 14 | 14.2
Dodging        | 2 4 5 6 7 8 9 10 11 12 13 14 | 14.3
Bows           | 9 11 12 14 15 17 19 20 22 23 24 26 27 | 27.0
Fighting       | 6 7 8 9 10 11 13 14 15 16 17 18 19 | 19.5
Invocations    | 1 2 3 4 |  4.7
Throwing       | 2 3 4 |  4.6
Translocations | 8 9 11 12 | 12.4
Spellcasting   | 4 6 7 8 9 10 11 | 11.1
Hexes          | 4 |  4.4
Charms         | 6 10 12 | 12.0
Air Magic      | 6 10 12 | 12.1
Stealth        | |  0.4

Action                   |  1- 3 |  4- 6 |  7- 9 | 10-12 | 13-15 | 16-18 | 19-21 | 22-24 | 25-27 || total
-------------------------+-------+-------+-------+-------+-------+-------+-------+-------+-------++-------
Melee: Dagger            |    19 |    32 |   345 |   179 |       |       |       |       |       ||   575
       Kick              |     4 |     7 |    90 |    37 |     2 |       |     4 |     1 |    10 ||   155
       Longbow           |       |       |       |       |     5 |     1 |     5 |     1 |       ||    12
       Great mace        |       |       |       |       |       |       |       |       |    16 ||    16
 Fire: Shortbow          |   125 |    15 |   381 |   682 |       |       |       |       |       ||  1203
       Blowgun           |       |       |    52 |    19 |       |       |       |       |       ||    71
       Longbow           |       |       |       |   497 |  1617 |  1255 |  1506 |  1941 |   254 ||  7070
Throw: Javelin           |       |     3 |       |       |       |       |       |       |       ||     3
 Cast: Blink             |       |       |       |       |       |       |    21 |    12 |       ||    33
       Portal Projectile |       |       |       |       |       |       |     4 |     1 |     4 ||     9
       Deflect Missiles  |       |       |       |       |       |       |       |       |     2 ||     2
Invok: Heroism           |       |       |     2 |     9 |     2 |     3 |     4 |     2 |       ||    22
       Finesse           |       |       |       |       |     1 |     1 |     4 |     1 |       ||     7
Evoke: Wand              |       |       |       |    11 |     7 |     1 |       |       |     1 ||    20
  Use: Potion            |       |     6 |       |     5 |     2 |     6 |     3 |     5 |     4 ||    31
       Scroll            |       |       |     7 |    18 |    26 |     7 |    20 |    16 |       ||    94
  Eat: Chunk             |     2 |     2 |    31 |    39 |    26 |    18 |    23 |    19 |     6 ||   166
       Ration            |       |       |       |     2 |     1 |     2 |     2 |     3 |     1 ||    11
Armor: Leather armour    |    50 |       |       |       |       |       |       |       |       ||    50
       Scale mail        |    22 |    13 |   286 |   149 |       |       |       |       |       ||   470
       Fire dragon scale |       |       |       |   313 |   370 |   510 |   378 |   643 |   210 ||  2424
       Swamp dragon scal |       |       |       |       |    11 |       |       |       |       ||    11
Dodge: Dodged            |    61 |     9 |   179 |   262 |   206 |   262 |   306 |   511 |   141 ||  1937
       Deflected         |       |       |       |       |       |       |       |       |     7 ||     7
Block: Other             |       |       |       |       |    15 |    37 |     3 |       |       ||    55
       Reflection        |       |       |       |       |       |     1 |       |       |       ||     1
